TOP OF THE 1ST |
Bloomington Longnecks batting - Pitching for Alloway Halberds : RHP José Alfonzo
|
Pitching: RHP José Alfonzo
|
|
Batting: LHB Jim Unknown
|
0-0: Ball 1-0: Ball 2-0: Called Strike 2-1: Fly out, F5 (Popup, 5DF)
|
Batting: RHB Jim Unknown
|
0-0: Foul Ball, location: 2F 0-1: Swinging Strike 0-2: Foul Ball, location: 2F 0-2: Ball 1-2: Ball 2-2: Ball 3-2: Foul Ball, location: 2F 3-2: Fly out, F8 (Flyball, 8RD)
|
Batting: RHB Jim Unknown
|
0-0: Ground out 5-3 (Groundball, 56S)
|
Top of the 1st over - 0 run(s), 0 hit(s), 0 error(s), 0 left on base; Bloomington 0 - Alloway 0 |
BOTTOM OF THE 1ST |
Alloway Halberds batting - Pitching for Bloomington Longnecks : RHP Jim Unknown
|
Pitching: RHP Jim Unknown
|
|
Batting: RHB Daniel Molina
|
0-0: Ball 1-0: Swinging Strike 1-1: SOLO HOME RUN (Line Drive, 78XD), Distance : 428 ft
|
Batting: RHB Bill Stewart
|
0-0: Ball 1-0: Ball 2-0: Fly out, F8 (Flyball, 8RD)
|
Batting: RHB Jonathan Cundall
|
0-0: Ball 1-0: Swinging Strike 1-1: Fly out, F8 (Line Drive, 8RXD)
|
Batting: LHB Mathew Rose
|
0-0: Ground out U3 (Groundball, 3S)
|
Bottom of the 1st over - 1 run(s), 1 hit(s), 0 error(s), 0 left on base; Bloomington 0 - Alloway 1 |
TOP OF THE 2ND |
Bloomington Longnecks batting - Pitching for Alloway Halberds : RHP José Alfonzo
|
Batting: RHB Jim Unknown
|
0-0: Ball 1-0: Ground out 5-3 (Groundball, 56)
|
Batting: SHB Jim Unknown
|
0-0: Ball 1-0: Ball 2-0: Foul Ball, location: 2F 2-1: Foul Ball, location: 2F 2-2: Ball 3-2: SINGLE (Groundball, 6MD)
|
Batting: LHB Jim Unknown
|
0-0: Ball 1-0: Called Strike 1-1: Called Strike 1-2: Strikes out swinging
|
Batting: LHB Jim Unknown
|
0-0: Foul Ball, location: 2F 0-1: Called Strike 0-2: Foul Ball, location: 2F 0-2: Ball 1-2: Ball 2-2: Strikes out looking
|
Top of the 2nd over - 0 run(s), 1 hit(s), 0 error(s), 1 left on base; Bloomington 0 - Alloway 1 |
BOTTOM OF THE 2ND |
Alloway Halberds batting - Pitching for Bloomington Longnecks : RHP Jim Unknown
|
Batting: RHB Juan Martínez
|
0-0: Called Strike 0-1: Ball 1-1: Foul Ball, location: 2F 1-2: Ball 2-2: Ball 3-2: Strikes out swinging
|
Batting: RHB Orlando López
|
0-0: SINGLE (Line Drive, 4MD)
|
Batting: RHB Mark Davis
|
0-0: Swinging Strike 0-1: Ball 1-1: Fly out, F3 (Popup, 3SF)
|
Batting: LHB Kenji Takahashi
|
0-0: Ball Orlando López is caught stealing 2nd base
|
Bottom of the 2nd over - 0 run(s), 1 hit(s), 0 error(s), 0 left on base; Bloomington 0 - Alloway 1 |
TOP OF THE 3RD |
Bloomington Longnecks batting - Pitching for Alloway Halberds : RHP José Alfonzo
|
Batting: SHB Jim Unknown
|
0-0: Ball 1-0: Ball 2-0: Ball 3-0: Base on Balls
|
Batting: RHB Jim Unknown
|
0-0: Ball 1-0: Called Strike 1-1: Ball 2-1: Foul Ball, location: 2F 2-2: Ground out 4-3 (Groundball, 4M) Jim Unknown to second
|
Batting: LHB Jim Unknown
|
0-0: Ball 1-0: Ball 2-0: Called Strike 2-1: Ground out 4-3 (Groundball, 4S) Jim Unknown to third
|
Batting: RHB Jim Unknown
|
0-0: Called Strike 0-1: Ball 1-1: Foul Ball, location: 2F 1-2: Ground out 4-3 (Groundball, 4)
|
Top of the 3rd over - 0 run(s), 0 hit(s), 0 error(s), 1 left on base; Bloomington 0 - Alloway 1 |
BOTTOM OF THE 3RD |
Alloway Halberds batting - Pitching for Bloomington Longnecks : RHP Jim Unknown
|
Batting: LHB Kenji Takahashi
|
0-0: Foul Ball, location: 2F 0-1: Ground out 4-3 (Groundball, 4)
|
Batting: RHB Mike Davis
|
0-0: Foul Ball, location: 2F 0-1: Ball 1-1: Swinging Strike 1-2: Ball 2-2: Foul Ball, location: 2F 2-2: Strikes out swinging
|
Batting: RHB Daniel Molina
|
0-0: Called Strike 0-1: Called Strike 0-2: Foul Ball, location: 2F 0-2: Ball 1-2: Foul Ball, location: 2F 1-2: Ball 2-2: Ball 3-2: Foul Ball, location: 2F 3-2: Foul Ball, location: 2F 3-2: SINGLE (Flyball, 89S)
|
Batting: RHB Bill Stewart
|
0-0: Ball 1-0: Ball 2-0: Ground out 5-3 (Groundball, 56)
|
Bottom of the 3rd over - 0 run(s), 1 hit(s), 0 error(s), 1 left on base; Bloomington 0 - Alloway 1 |
TOP OF THE 4TH |
Bloomington Longnecks batting - Pitching for Alloway Halberds : RHP José Alfonzo
|
Batting: RHB Jim Unknown
|
0-0: Fly out, F9 (Flyball, 9D)
|
Batting: RHB Jim Unknown
|
0-0: Ball 1-0: Ball 2-0: Called Strike 2-1: Swinging Strike 2-2: Foul Ball, location: 2F 2-2: Ball 3-2: Base on Balls
|
Batting: SHB Jim Unknown
|
0-0: Ball 1-0: Called Strike 1-1: Swinging Strike 1-2: Strikes out swinging
|
Batting: LHB Jim Unknown
|
0-0: Ball 1-0: Called Strike 1-1: Swinging Strike 1-2: Strikes out looking
|
Top of the 4th over - 0 run(s), 0 hit(s), 0 error(s), 1 left on base; Bloomington 0 - Alloway 1 |
BOTTOM OF THE 4TH |
Alloway Halberds batting - Pitching for Bloomington Longnecks : RHP Jim Unknown
|
Batting: RHB Jonathan Cundall
|
0-0: Foul Ball, location: 2F 0-1: Fly out, F4 (Popup, 4MD)
|
Batting: LHB Mathew Rose
|
0-0: Foul Ball, location: 2F 0-1: Ball 1-1: Ball 2-1: Fly out, F5 (Popup, 5F)
|
Batting: RHB Juan Martínez
|
0-0: Foul Ball, location: 2F 0-1: Ball 1-1: Ball 2-1: Foul Ball, location: 2F 2-2: Ball 3-2: Strikes out swinging
|
Bottom of the 4th over - 0 run(s), 0 hit(s), 0 error(s), 0 left on base; Bloomington 0 - Alloway 1 |
TOP OF THE 5TH |
Bloomington Longnecks batting - Pitching for Alloway Halberds : RHP José Alfonzo
|
Batting: LHB Jim Unknown
|
0-0: Foul Ball, location: 2F 0-1: Ball 1-1: Ball 2-1: Ground out 4-3 (Groundball, 4)
|
Batting: SHB Jim Unknown
|
0-0: Foul Ball, location: 2F 0-1: Ball 1-1: Foul Ball, location: 2F 1-2: Foul Ball, location: 2F 1-2: Fly out, F9 (Flyball, 9D)
|
Batting: RHB Jim Unknown
|
0-0: Ball 1-0: Ball 2-0: Called Strike 2-1: Ball 3-1: Called Strike 3-2: Base on Balls
|
Pitching: RHP Darwin von Loen
|
|
Batting: LHB Jim Unknown
|
0-0: Called Strike 0-1: Swinging Strike 0-2: Foul Ball, location: 2F 0-2: Ball Jim Unknown steals 2nd base 1-2: Ball 2-2: Ground out 4-3 (Groundball, 34)
|
Top of the 5th over - 0 run(s), 0 hit(s), 0 error(s), 1 left on base; Bloomington 0 - Alloway 1 |
BOTTOM OF THE 5TH |
Alloway Halberds batting - Pitching for Bloomington Longnecks : RHP Jim Unknown
|
Batting: RHB Orlando López
|
0-0: SINGLE (Groundball, 6MD)
|
Batting: RHB Mark Davis
|
0-0: Bunt missed! 0-1: Called Strike 0-2: Ball 1-2: Foul Ball, location: 2F 1-2: Foul Ball, location: 2F 1-2: Ball 2-2: Fly out, F9 (Flyball, 89M)
|
Batting: LHB Kenji Takahashi
|
0-0: Ball 1-0: Called Strike 1-1: Ball 2-1: Ball 3-1: Base on Balls Orlando López to second
|
Batting: RHB Mike Davis
|
0-0: Called Strike 0-1: 3-RUN HOME RUN (Flyball, 78XD), Distance : 424 ft
|
Batting: RHB Daniel Molina
|
0-0: Called Strike 0-1: SINGLE (Groundball, 6M) (infield hit)
|
Batting: RHB Bill Stewart
|
0-0: Called Strike 0-1: Ball 1-1: Fly out, F9 (Flyball, 9M)
|
Batting: RHB Jonathan Cundall
|
0-0: Ball 1-0: Ball Daniel Molina is caught stealing 2nd base
|
Bottom of the 5th over - 3 run(s), 3 hit(s), 0 error(s), 0 left on base; Bloomington 0 - Alloway 4 |
TOP OF THE 6TH |
Bloomington Longnecks batting - Pitching for Alloway Halberds : RHP Darwin von Loen
|
Batting: RHB Jim Unknown
|
0-0: Ball 1-0: Foul Ball, location: 2F 1-1: Called Strike 1-2: Strikes out swinging
|
Batting: RHB Jim Unknown
|
0-0: Ball 1-0: Foul Ball, location: 2F 1-1: Swinging Strike 1-2: Strikes out swinging
|
Batting: RHB Jim Unknown
|
0-0: Ball 1-0: Ball 2-0: Ball 3-0: Base on Balls
|
Batting: SHB Jim Unknown
|
0-0: 2-RUN HOME RUN (Line Drive, 9D), Distance : 397 ft
|
Batting: LHB Jim Unknown
|
0-0: Fly out, F6 (Popup, 6MD)
|
Top of the 6th over - 2 run(s), 1 hit(s), 0 error(s), 0 left on base; Bloomington 2 - Alloway 4 |
BOTTOM OF THE 6TH |
Alloway Halberds batting - Pitching for Bloomington Longnecks : RHP Jim Unknown
|
Batting: RHB Jonathan Cundall
|
0-0: Ball 1-0: Foul Ball, location: 2F 1-1: Ball 2-1: Foul Ball, location: 2F 2-2: SINGLE (Groundball, 34D)
|
Batting: LHB Mathew Rose
|
0-0: Fly out, F8 (Flyball, 8RM)
|
Batting: RHB Juan Martínez
|
0-0: Ball 1-0: Ball 2-0: Ball 3-0: Called Strike 3-1: Base on Balls Jonathan Cundall to second
|
Batting: RHB Orlando López
|
0-0: Ball 1-0: Ball 2-0: Called Strike 2-1: Swinging Strike 2-2: Ball 3-2: Foul Ball, location: 2F 3-2: DOUBLE (Flyball, 9LM) Jonathan Cundall scores Juan Martínez to third
|
Pitching: LHP Jim Unknown
|
|
Batting: RHB Mark Davis
|
0-0: Intentional Walk
|
Batting: LHB Kenji Takahashi
|
0-0: SINGLE (Line Drive, 6D) Juan Martínez scores Orlando López to third Mark Davis to second Runner from 3rd tries for Home, SAFE, no throw or cutoff
|
Batting: RHB Mike Davis
|
0-0: Called Strike 0-1: Swinging Strike 0-2: Ball 1-2: Fielders Choice at 2nd, 1-6 (Groundball, 23) Mark Davis to third
|
Batting: RHB Daniel Molina
|
0-0: Ball 1-0: Swinging Strike 1-1: Foul Ball, location: 2F 1-2: Foul Ball, location: 2F 1-2: Ball 2-2: Fly out, F8 (Flyball, 8RXD)
|
Bottom of the 6th over - 3 run(s), 3 hit(s), 0 error(s), 2 left on base; Bloomington 2 - Alloway 7 |
TOP OF THE 7TH |
Bloomington Longnecks batting - Pitching for Alloway Halberds : RHP Darwin von Loen
|
Batting: LHB Jim Unknown
|
0-0: Called Strike 0-1: Ball 1-1: Called Strike 1-2: Fly out, F8 (Flyball, 8LD)
|
Batting: SHB Jim Unknown
|
0-0: Called Strike 0-1: Swinging Strike 0-2: Foul Ball, location: 2F 0-2: Ball 1-2: Ball 2-2: Foul Ball, location: 2F 2-2: Ball 3-2: Strikes out swinging
|
Batting: RHB Jim Unknown
|
0-0: Swinging Strike 0-1: Ball 1-1: Ball 2-1: Foul Ball, location: 2F 2-2: Strikes out looking
|
Top of the 7th over - 0 run(s), 0 hit(s), 0 error(s), 0 left on base; Bloomington 2 - Alloway 7 |
BOTTOM OF THE 7TH |
Alloway Halberds batting - Pitching for Bloomington Longnecks : LHP Jim Unknown
|
Batting: RHB Bill Stewart
|
0-0: Ball 1-0: Ball 2-0: Ball 3-0: Called Strike 3-1: Fly out, F7 (Flyball, 78S)
|
Batting: RHB Jonathan Cundall
|
0-0: Ball 1-0: Called Strike 1-1: Ball 2-1: SINGLE (Line Drive, 89S)
|
Batting: LHB Mathew Rose
|
0-0: Called Strike 0-1: Ball 1-1: Foul Ball, location: 2F 1-2: Strikes out swinging
|
Batting: RHB Juan Martínez
|
0-0: Called Strike 0-1: SINGLE (Groundball, 56D) Jonathan Cundall to second
|
Batting: RHB Orlando López
|
0-0: Ball 1-0: Called Strike 1-1: Ball 2-1: Ball 3-1: Called Strike 3-2: Base on Balls Jonathan Cundall to third Juan Martínez to second
|
Batting: RHB Mark Davis
|
0-0: Ball 1-0: Ball 2-0: Swinging Strike 2-1: GRAND SLAM HOME RUN (Flyball, 9D), Distance : 391 ft
|
Pitching: LHP Jim Unknown
|
|
Batting: LHB Kenji Takahashi
|
0-0: Fly out, F4 (Line Drive, 4MD)
|
Bottom of the 7th over - 4 run(s), 3 hit(s), 0 error(s), 0 left on base; Bloomington 2 - Alloway 11 |
TOP OF THE 8TH |
Bloomington Longnecks batting - Pitching for Alloway Halberds : RHP Darwin von Loen
|
Batting: LHB Jim Unknown
|
0-0: Called Strike 0-1: SINGLE (Groundball, 4MD)
|
Batting: RHB Jim Unknown
|
0-0: Called Strike 0-1: Called Strike 0-2: Foul Ball, location: 2F 0-2: Strikes out swinging
|
Batting: RHB Jim Unknown
|
0-0: Ball 1-0: Fly out, F9 (Flyball, 89M)
|
Batting: RHB Jim Unknown
|
0-0: Called Strike 0-1: Foul Ball, location: 2F 0-2: Fly out, F4 (Line Drive, 4)
|
Top of the 8th over - 0 run(s), 1 hit(s), 0 error(s), 1 left on base; Bloomington 2 - Alloway 11 |
BOTTOM OF THE 8TH |
Alloway Halberds batting - Pitching for Bloomington Longnecks : LHP Jim Unknown
|
Batting: RHB Mike Davis
|
0-0: Called Strike 0-1: Called Strike 0-2: Ball 1-2: Ball 2-2: Foul Ball, location: 2F 2-2: Ball 3-2: Fly out, F7 (Flyball, 7S)
|
Batting: RHB Daniel Molina
|
0-0: Fly out, F5 (Popup, 5S)
|
Batting: RHB Bill Stewart
|
0-0: Called Strike 0-1: Ball 1-1: Swinging Strike 1-2: Ball 2-2: Fly out, F8 (Flyball, 8RS)
|
Bottom of the 8th over - 0 run(s), 0 hit(s), 0 error(s), 0 left on base; Bloomington 2 - Alloway 11 |
TOP OF THE 9TH |
Bloomington Longnecks batting - Pitching for Alloway Halberds : RHP Darwin von Loen
|
Batting: SHB Jim Unknown
|
0-0: Ball 1-0: Called Strike 1-1: Foul Ball, location: 2F 1-2: Ball 2-2: Strikes out looking
|
Batting: LHB Jim Unknown
|
0-0: Ground out 4-3 (Groundball, 4)
|
Batting: LHB Jim Unknown
|
0-0: Called Strike 0-1: Called Strike 0-2: Foul Ball, location: 2F 0-2: Ball 1-2: Strikes out swinging
|
Top of the 9th over - 0 run(s), 0 hit(s), 0 error(s), 0 left on base; Bloomington 2 - Alloway 11 |
|